 Dungeon Crawl Stone Soup version 0.28-a0-265-g048bc9fd10 (webtiles) character file.

Game seed: 14710214923568099732

47 Saint the Insei (level 3, -1/28 HPs)
             Began as a Gnoll Transmuter on Aug 27, 2021.
             Slain by a goblin (6 damage)
             ... led by Robin
             ... on level 2 of the Dungeon.
             The game lasted 00:02:52 (1304 turns).

Saint the Insei (Gnoll Transmuter)                  Turns: 1304, Time: 00:02:52

Health: -1/28      AC:  2    Str: 16    XL:     3   Next: 70%
Magic:  9/9        EV: 12    Int: 12    God:
Gold:   62         SH:  3    Dex: 12    Spells: 11/12 levels left

rFire   + . .      SeeInvis .     - Unarmed
rCold   . . .      Faith    .   f - +0 buckler
rNeg    . . .      Spirit   .   a - +0 robe
rPois   .          Reflect  .   (no helmet)
rElec   .          Harm     .   (no cloak)
rCorr   .          Rampage  .   (no gloves)
Will    .....                   (no boots)
Stlth   +.........              (no amulet)
HPRegen 0.09/turn               e - +6 ring of strength
MPRegen 0.11/turn               F - ring of protection from fire {rF+, !d}

@: no status effects
A: fangs 1, strong nose, distributed training
a: no special abilities


You were on level 2 of the Dungeon.
You visited 1 branch of the dungeon, and saw 2 of its levels.

You collected 62 gold pieces.

Inventory:

Hand Weapons
 b - a +0 whip of venom
   (You took it off a kobold on level 1 of the Dungeon)
Missiles
 i - 15 bolts
 j - 28 sling bullets
Armour
 a - a +0 robe (worn)
 f - a +0 buckler (worn)
   (You found it on level 1 of the Dungeon)
Jewellery
 e - a +6 ring of strength (left hand)
   (You found it on level 1 of the Dungeon)
 F - a ring of protection from fire (right hand) {rF+, !d}
   (You found it on level 1 of the Dungeon)
Scrolls
 d - a scroll of identify {unknown}
 l - a scroll of magic mapping {unknown}
 m - a scroll of fog {unknown}
Potions
 c - a potion of heal wounds {unknown}
 g - a potion of haste {unknown}
 h - a potion of curing {unknown}
 k - a potion of invisibility {unknown}


   Skills:
 + Level 2.6 Fighting
 + Level 0.9 Short Blades
 + Level 0.9 Long Blades
 + Level 0.9 Axes
 + Level 0.9 Maces & Flails
 + Level 0.9 Polearms
 + Level 0.9 Staves
 + Level 0.9 Slings
 + Level 0.9 Bows
 + Level 0.9 Crossbows
 + Level 0.9 Throwing
 + Level 0.9 Armour
 + Level 4.5 Dodging
 + Level 0.9 Stealth
 + Level 0.9 Shields
 + Level 6.5 Unarmed Combat
 + Level 5.0 Spellcasting
 + Level 0.6 Conjurations
 + Level 0.6 Hexes
 + Level 0.6 Summonings
 + Level 0.6 Necromancy
 + Level 0.6 Translocations
 + Level 3.8 Transmutations
 + Level 0.6 Fire Magic
 + Level 0.6 Ice Magic
 + Level 0.6 Air Magic
 + Level 0.6 Earth Magic
 + Level 0.6 Poison Magic
 + Level 1.0 Invocations
 + Level 0.9 Evocations


You had 11 spell levels left.
You knew the following spells:

 Your Spells              Type           Power      Damage    Failure   Level
a - Beastly Appendage     Tmut           24%        N/A       6%          1

Your spell library contained the following spells:

 Spells                   Type           Power      Damage    Failure   Level
 Wereblood                Tmut           12%        N/A       10%         2
 Magic Dart               Conj           16%        1d3       22%         1
 Call Imp                 Summ           4%         N/A       34%         2
 Spider Form              Tmut/Pois      4%         N/A       34%         3
 Mephitic Cloud           Conj/Pois/Air  4%         N/A       56%         3
 Ice Form                 Ice/Tmut       8%         N/A       75%         4


Dungeon Overview and Level Annotations

Branches:
Dungeon (2/15)

Altars:

Annotations:
D:2 Robin


Innate Abilities, Weirdness & Mutations

You have very sharp teeth.
Your uncanny sense of smell can sniff out nearby items.
Your experience applies equally to all skills.


Message History

The goblin shouts!
Your headbutt misses the hobgoblin.
You hear a shout! x3
The hobgoblin misses you.
MP restored: 9 You closely miss the hobgoblin.
You headbutt the hobgoblin.
You kill the hobgoblin!
A goblin comes into view. It is wielding a +0 dagger.
Your Invocations skill increases to level 1!
A goblin comes into view. It is wielding a +0 club.
Your horns disappear.
Your talons disappear.
The goblin moves out of view.
You closely miss the goblin. You block the goblin's attack.
You closely miss the goblin. You bite the goblin.
The goblin closely misses you.
You punch the goblin!
You kill the goblin!
The goblin barely misses you.
You hit the goblin.
You kill the goblin!
You closely miss the goblin. The goblin closely misses you.
You barely miss the goblin. The goblin misses you.
You closely miss the goblin. You bite the goblin. The goblin barely misses you.
You barely miss the goblin. The goblin hits you with a +0 club.
You take 3 damage, and have 24/28 hp.
You punch the goblin!
You kill the goblin!
No target in view!
m - a scroll labelled VUSTRE IDAO You see here a hobgoblin corpse.
Health restored: 28 A goblin comes into view.
It is wielding a +0 dagger.
The goblin shouts!
You hear a shout!
A goblin comes into view. It is wielding a +0 club.
The goblin moves out of view.
You hear a shout!
Items here: )) ††.
A goblin is nearby!
A goblin is nearby!
A goblin is nearby! 2 goblins and Robin come into view.
The goblin shouts! x2; Robin shouts!
A rat comes into view.
The goblin unwields a +0 dagger.
The goblin wields a +0 hunting sling.
The goblin shoots a stone.
The stone barely misses you.
The goblin moves out of view. x2
A goblin comes into view. It is wielding a +0 club. x2
The goblin moves out of view.
You punch the goblin!
You kill the goblin!
Robin throws the goblin at you!
You take 2 damage, and have 26/28 hp.
You hit the goblin.
The goblin unwields a +0 hunting sling.
The goblin wields a +0 dagger.
The goblin hits you with a +0 dagger. The goblin hits you but does no damage.
You take 2 damage, and have 24/28 hp.
You barely miss the goblin. Your bite misses the goblin.
The goblin barely misses you. The goblin hits you with a +0 dagger.
You take 1 damage, and have 23/28 hp.
You closely miss the goblin. The goblin barely misses you.
The goblin hits you but does no damage.
You barely miss the goblin. The goblin misses you.
The goblin hits you but does no damage.
You punch the goblin!
You kill the goblin!
The goblin hits you with a +0 dagger.
You take 1 damage, and have 22/28 hp.
You hit the rat but do no damage. You bite the rat. The rat barely misses you.
You block the goblin's attack.
You hit the rat. You block the rat's attack.
The goblin hits you but does no damage.
You hit the rat but do no damage. The rat bites you but does no damage.
The goblin hits you with a +0 dagger.
You take 2 damage, and have 20/28 hp.
You closely miss the rat. You block the goblin's attack.
You block the rat's attack.
You barely miss the rat. The rat bites you but does no damage.
The goblin misses you.
You hit the rat but do no damage.
Robin roars a battlecry!
The goblins go into a battle-frenzy!
The goblin hits you with a +0 dagger. The rat misses you.
You take 6 damage, and have 14/28 hp.
MASSIVE DAMAGE!!
You hit the rat.
You kill the rat!
Robin throws the goblin at you! The goblin hits you with a +0 dagger.
You take 4 damage, and have 10/28 hp.
You hit the goblin.
You kill the goblin!
The goblin hits you with a +0 club.
* * * LOW HITPOINT WARNING * * *
You take 5 damage, and have 5/28 hp.
You hit the goblin. Your bite misses the goblin.
The goblin closely misses you. x2
You closely miss the goblin. You bite the goblin.
You kill the goblin!
The goblin barely misses you.
You barely miss the goblin. You block the goblin's attack.
The goblin hits you with a +0 club.
You die...

#. ####(... #.
##..)#.#
#.###..).).#
#.........####
##.....?.....#
#.##....†##.#
#>##..)).# #.
#.##.#g### ##
#.##.#@#
#.##.#g# #.#
..g. #.# ##...
#.# #....
#.#####....
#...# .###.
###.# .# .#
#.#


You could see Robin and 2 goblins.

Vanquished Creatures
  An adder (D:2)
  3 orcs (D:2)
  4 ball pythons
  An endoplasm (D:1)
  A giant cockroach (D:1)
  11 goblins
  3 hobgoblins
  2 jackals (D:1)
  3 kobolds (D:1)
  2 rats
31 creatures vanquished.

Notes
Turn   | Place    | Note
-------+----------+-------------------------------------------
     0 | D:1      | Saint the Gnoll Transmuter began the quest for the Orb.
     0 | D:1      | Reached XP level 1. HP: 17/17 MP: 6/6
    36 | D:1      | HP: 4/17 [poisoned by a kobold]
    39 | D:1      | HP: 1/17 [poisoned by a kobold]
   345 | D:1      | Found a faded altar of an unknown god.
   532 | D:1      | Reached XP level 2. HP: 22/23 MP: 5/7
  1138 | D:2      | Reached skill level 5 in Spellcasting
  1138 | D:2      | Reached XP level 3. HP: 25/28 MP: 5/9
  1238 | D:2      | Reached skill level 1 in Invocations
  1286 | D:2      | Noticed Robin
  1301 | D:2      | HP: 5/28 [goblin[Robin] (5)]
  1304 | D:2      | Slain by a goblin

Illustrated notes

Levels and vault maps discovered:
D:1:      ncdulo_halloftheorcs, layout_loops_ring,
          ebering_ecumenical_altar_sacrificial, minmay_domino_4
D:2:      layout_loops_ring, serial_aquarium, aquarium_bridge_long_separate
          [aquarium_subvault_wall, aquarium_subvault_window,
          aquarium_subvault_bridge, aquarium_subvault_bridge,
          aquarium_subvault_bridge, aquarium_subvault_window],
          aquarium_bridge_square [aquarium_subvault_bridge,
          aquarium_subvault_bridge, aquarium_subvault_window,
          aquarium_subvault_wall], aquarium_window_corner,
          aquarium_window_corridor_3, aquarium_window_fake, aquarium_window_2,
          aquarium_view_2c, aquarium_view_2a, aquarium_balcony_5b,
          aquarium_pool_S, uniq_robin

Skill      XL: |  1  2  3 |
---------------+----------+-----
Spellcasting   | 5 |  5.0
Invocations    | 1 |  1.0
Fighting       | |  2.6
Short Blades   | |  0.9
Long Blades    | |  0.9
Axes           | |  0.9
Maces & Flails | |  0.9
Polearms       | |  0.9
Staves         | |  0.9
Slings         | |  0.9
Bows           | |  0.9
Crossbows      | |  0.9
Throwing       | |  0.9
Armour         | |  0.9
Dodging        | |  4.5
Stealth        | |  0.9
Shields        | |  0.9
Unarmed Combat | |  6.5
Conjurations   | |  0.6
Hexes          | |  0.6
Summonings     | |  0.6
Necromancy     | |  0.6
Translocations | |  0.6
Transmutations | |  3.8
Fire Magic     | |  0.6
Ice Magic      | |  0.6
Air Magic      | |  0.6
Earth Magic    | |  0.6
Poison Magic   | |  0.6
Evocations     | |  0.9

Action                   || total
-------------------------++-------
Melee: Unarmed           ||    74
       Kick              ||     6
       Headbutt          ||     5
       Bite              ||     6
Throw: Stone             ||     4
 Cast: Beastly Appendage ||    12
Armor: Robe              ||    13
Dodge: Dodged            ||    42
Block: Buckler           ||    13

Table legend: (Time is in decaauts)
 A = Elapsed time spent in this place.
 B = Non-inter-level travel time spent in this place.
 C = Inter-level travel time spent in this place.
 D = Time resting spent in this place.
 E = Time spent auto-exploring this place.
 F = Levels seen in this place.
 G = Mean time per level.
                   A        B        C        D        E       F      G
               +--------+--------+--------+--------+--------+-----+--------+
         Total |   1298 |   1261 |     37 |      2 |   1073 |   2 |  649.0 |
       Dungeon |   1298 |   1261 |     37 |      2 |   1073 |   2 |  649.0 |
               +--------+--------+--------+--------+--------+-----+--------+

Top non-repeatable levels by time:
     D:1: 1128 daAuts
     D:2: 169 daAuts

Table legend:
 A = Kills in this place as a percentage of kills in entire the game.
 B = Kills by you in this place as a percentage of kills by you in the entire game.
 C = Kills by friends in this place as a percentage of kills by friends in the entire game.
 D = Other kills in this place as a percentage of other kills in the entire game.
 E = Experience gained in this place as a percentage of experience gained in the entire game.
 F = Experience gained in this place divided by the number of levels of this place that you have seen.
                   A       B       C       D       E      F
               +-------+-------+-------+-------+-------+----------------------
         Total | 100.0 | 100.0 |   N/A |   N/A | 100.0 |  34.0
       Dungeon | 100.0 | 100.0 |   N/A |   N/A | 100.0 |  34.0
               +-------+-------+-------+-------+-------+----------------------
